 Dungeon Crawl Stone Soup version 0.24-a0-549-g45f0056 (webtiles) character file.

Game seed: 7350051406262061998

14404 science1 the Basher (level 11, 97/97 HPs)
             Began as a Minotaur Abyssal Knight on Aug 17, 2019.
             Was the Champion of Lugonu.
             Got out of the dungeon alive.
             The game lasted 01:32:39 (18693 turns).

science1 the Basher (Minotaur Abyssal Knight)      Turns: 18693, Time: 01:32:39

Health: 97/97      AC: 17    Str: 20    XL:     11   Next: 88%
Magic:  11/11      EV:  8    Int:  9    God:    Lugonu [******]
Gold:   612        SH:  7    Dex: 10    Spells: 10/10 levels left

rFire    . . .     SeeInvis .   N - +4 scimitar (flame)
rCold    . . .     Gourm    .   q - +2 buckler
rNeg     . . .     Faith    .   e - +1 plate armour
rPois    .         Spirit   .   (helmet restricted)
rElec    .         Reflect  .   g - scarf {repulsion}
rCorr    +         Harm     .   k - +0 pair of gloves
MR       .....                  (no boots)
Stlth    ..........             (no amulet)
HPRegen  0.26/turn              s - ring of resist corrosion
MPRegen  0.12/turn              L - ring of stealth

@: repel missiles
A: retaliatory headbutt, horns 2
a: Depart the Abyss, Bend Space, Banish, Corrupt, Enter the Abyss, Brand Weapon
With Distortion, Renounce Religion


You escaped.
You worshipped Lugonu.
Lugonu was exalted by your worship.
You were not hungry.

You visited 1 branch of the dungeon, and saw 12 of its levels.
You visited the Abyss 1 time.
You also visited: Sewer.

You collected 612 gold pieces.

Inventory:

Hand Weapons
 l - a +5 hand axe
 D - a +3 flail of protection
 G - a +4 mace
 H - a +3 short sword of freezing
 N - a +4 scimitar of flaming (weapon)
Missiles
 n - a datura-tipped dart
 u - 103 sling bullets (quivered)
 F - 18 poisoned darts
 I - 243 arrows
 J - 3 atropa-tipped darts
Armour
 d - a scarf of cloud immunity
 e - a +1 plate armour (worn)
 g - a scarf of repulsion (worn)
 k - a +0 pair of gloves (worn)
 q - a +2 buckler (worn)
Jewellery
 f - an uncursed ring of flight
 m - an uncursed ring of ice
 s - a ring of resist corrosion (left hand)
 t - an uncursed ring of poison resistance
 C - an uncursed ring of ice
 L - a ring of stealth (right hand)
Wands
 a - a wand of enslavement (8)
 v - a wand of polymorph (3)
 y - a wand of disintegration (8)
 B - a wand of paralysis (11)
 E - a wand of flame (11)
 O - a wand of acid (7)
Scrolls
 b - a scroll of teleportation
 o - 2 scrolls of fear
 p - 2 scrolls of blinking
 x - a scroll of immolation
 A - a scroll of identify
 K - 2 scrolls of remove curse
Potions
 h - a potion of mutation
 i - a potion of magic
 j - 2 potions of invisibility
 r - 3 potions of curing
 z - 2 potions of cancellation
Comestibles
 c - 24 rations


   Skills:
 + Level 9.6 Fighting
 + Level 5.1 Long Blades
 + Level 5.6(9.0) Axes
 + Level 10.8(11.3) Maces & Flails
   Level 8.4(9.2) Slings
 + Level 5.1(7.1) Throwing
 + Level 10.7 Armour
 + Level 3.8 Dodging
 + Level 1.1 Stealth
 + Level 5.1 Shields
 + Level 1.9 Invocations


You had 10 spell levels left.
You didn't know any spells.
Your spell library contained the following spells:

 Spells                   Type           Power        Failure   Level  Hunger
 Beastly Appendage        Tmut           #.....       100%        1    ##.....
 Magic Dart               Conj           #...         100%        1    ##.....
 Blink                    Tloc           N/A          100%        2    ###....
 Call Imp                 Summ           #.......     100%        2    ###....
 Searing Ray              Conj           #.....       100%        2    ###....
 Slow                     Hex            #.......     100%        2    ###....
 Sticks to Snakes         Tmut           #.......     100%        2    ###....
 Conjure Flame            Conj/Fire      #.......     100%        3    ####...
 Dazzling Spray           Conj/Hex       #.....       100%        3    ####...
 Mephitic Cloud           Conj/Pois/Air  #.......     100%        3    ####...
 Spider Form              Tmut/Pois      #.........   100%        3    ####...
 Force Lance              Conj/Tloc      #.......     100%        4    #####..
 Fulminant Prism          Conj/Hex       #.........   100%        4    #####..
 Ice Form                 Ice/Tmut       #.......     100%        4    #####..
 Iskenderun's Mystic Bla  Conj           #.......     100%        4    #####..
 Blade Hands              Tmut           #.........   100%        5    ######.


Dungeon Overview and Level Annotations

Branches:
Dungeon (12/15)            Temple (0/1) D:4            Lair (0/6) D:11
    Orc (0/2) D:9

Altars:
Fedhas
Gozag
Hepliaklqana
Nemelex Xobeh
Qazlal
Ru
Sif Muna
Trog
Vehumet
Xom
The Shining One

Portals:
Trove: D:10 (give 9 potions of haste)

Annotations:
D:2 exclusion: oklob plant
D:7 2 transporters, Foxy's ghost, novice DrWz
D:10 2 transporters, Oroborous's ghost, novice DsNe


Innate Abilities, Weirdness & Mutations

You reflexively headbutt those who attack you in melee.
You have a pair of horns on your head.


Message History

Done exploring.
You see here a kobold skeleton.
There is a stone staircase leading down here.
There is a stone staircase leading up here.
You climb upwards.
Level annotation: exclusion: oklob plant
There is a stone staircase leading down here.
You see here a cursed -1 dagger.
I - 215 arrows (gained 32)
I - 243 arrows (gained 28) Partly explored, can't reach some places.
There is a stone staircase leading up, spattered with blood here.
You climb upwards.
There is a stone staircase leading down here.
There is an open door here.
There is a staircase leading out of the dungeon here.
Are you sure you want to leave the Dungeon?
This will make you lose the game!
Uppercase [Y]es or [N]o only, please.
Are you sure you want to leave the Dungeon?
This will make you lose the game!
You have escaped!

#.# #.#######.###.##.##
#.#
######......##.###.##.#
#.#
#..................##.#
#.#
#.#####'#####..######.##
#.# #.#PPP#.#PPP#..#
#.#. #.#
#.#P⌠P#.#P⌠P#..# #.#.
#.# #.#PPP#.#PPP#..#
#... #.#
##.#####.#####..# ###.
#.#####..+....@....+..#
#.
#........#####.#####.##
##
########.#PPP#.#PPP#.#
######.#P⌠P#.#P⌠P#.#
#......#PPP#.#PPP#.#
#.####.#####+#####.# #.#
#.............# #.#
##..###.####### #.#
#..###.####


There were no monsters in sight!

Vanquished Creatures
  Fannar (D:10)
  Erica (D:11)
  An unseen horror (D:11)
  Joseph (D:10)
  A gargoyle (D:11)
  A yaktaur (shapeshifter) (D:10)
  2 trolls (D:12)
  A hornet (D:12)
  Grinder (D:4)
  5 hippogriffs
  A wraith (D:10)
  2 vampires
  14 yaks
  A wyvern (D:9)
  Grum (D:9)
  Menkaure (D:6)
  Duvessa (D:5)
  2 porcupines
  5 ice beasts
  8 orc warriors
  A sky beast (D:7)
  2 phantoms
  7 ogres
  3 wolves
  5 centaurs
  A big kobold (D:11)
  5 crocodiles
  5 bullfrogs
  A wyvern zombie (D:8)
  A water moccasin zombie (D:11)
  2 wyvern skeletons
  Dowan (D:5)
  10 scorpions
  11 wights
  6 crimson imps
  A bullfrog zombie (D:12)
  A quasit (D:10)
  A centaur zombie (D:6)
  3 hounds
  12 orc wizards
  A bullfrog skeleton (D:11)
  8 jellies
  6 orc priests
  A gnoll shaman (D:6)
  4 iguanas
  Terence (D:2)
  12 worker ants
  A howler monkey zombie (D:6)
  A worker ant zombie (D:7)
  12 adders
  14 gnolls
  4 shadow imps
  An ooze (D:4)
  5 adder skeletons
  An adder zombie (D:4)
  3 worms
  2 dart slugs (D:2)
  4 leopard geckos
  61 orcs
  14 giant cockroaches
  5 goblins
  7 hobgoblins
  11 jackals
  11 kobolds
  4 quokkas
  3 ball pythons
  10 bats
  11 frilled lizards
  A jackal zombie (D:5)
  3 rats
352 creatures vanquished.

Vanquished Creatures (collateral kills)
  3 orcs (D:9)
3 creatures vanquished.

Vanquished Creatures (others)
  A wraith (D:10)
  A yak (D:10)
  A swamp drake (D:9)
  An ogre (D:10)
  A centaur (D:10)
  A bullfrog (D:10)
  An orc priest (D:9)
  A worker ant (D:10)
  14 fungi
  2 plants (D:11)
24 creatures vanquished.

Grand Total: 379 creatures vanquished

Notes
Turn   | Place    | Note
-------+----------+-------------------------------------------
     0 | Abyss:1  | science1 the Minotaur Abyssal Knight began the quest for
                  | the Orb.
     0 | Abyss:1  | Reached XP level 1. HP: 19/19 MP: 1/1
    66 | Abyss:1  | Noticed an efreet
    86 | D:1      | Escaped the Abyss
   125 | D:1      | Reached * piety under Lugonu
   497 | D:1      | Reached XP level 2. HP: 14/27 MP: 2/2
   894 | D:2      | Noticed Terence
  1289 | D:2      | Reached XP level 3. HP: 33/33 MP: 3/3
  1520 | D:2      | Killed Terence
  1771 | D:2      | Found a blossoming altar of Fedhas.
  1789 | D:2      | Noticed an oklob plant
  1968 | D:3      | Reached XP level 4. HP: 41/41 MP: 4/4
  2059 | D:3      | Found a shimmering blue altar of Sif Muna.
  2198 | D:3      | Found a glowing drain.
  2227 | Sewer    | Entered a sewer
  2249 | Sewer    | Reached ** piety under Lugonu
  2359 | Sewer    | Reached skill level 1 in Slings
  2442 | Sewer    | Reached XP level 5. HP: 46/47 MP: 5/5
  2987 | D:3      | Found an opulent altar of Gozag.
  3416 | D:4      | Noticed Grinder
  3418 | D:5      | Entered Level 5 of the Dungeon
  3429 | D:5      | Reached XP level 6. HP: 26/55 MP: 6/6
  3638 | D:4      | Paralysed by Grinder for 4 turns
  3800 | D:4      | Paralysed by Grinder for 7 turns
  3813 | D:4      | Killed Grinder
  3813 | D:4      | Reached skill level 5 in Fighting
  4068 | D:4      | Reached XP level 7. HP: 47/61 MP: 7/7
  4406 | D:4      | Found a sacrificial altar of Ru.
  4452 | D:4      | Reached skill level 1 in Throwing
  4508 | D:4      | Reached skill level 5 in Armour
  4855 | D:4      | Reached skill level 5 in Slings
  4966 | D:4      | Reached skill level 5 in Maces & Flails
  5063 | D:4      | Found a glowing golden altar of the Shining One.
  5071 | D:4      | Found a blossoming altar of Fedhas.
  5119 | D:4      | Found a stormy altar of Qazlal.
  5130 | D:4      | Found a sparkling altar of Nemelex Xobeh.
  5137 | D:4      | Found a radiant altar of Vehumet.
  5142 | D:4      | Found a hazy altar of Hepliaklqana.
  5149 | D:4      | Found a bloodstained altar of Trog.
  5589 | D:4      | Reached XP level 8. HP: 69/69 MP: 8/8
  5746 | D:4      | Found a staircase to the Ecumenical Temple.
  6214 | D:5      | Noticed Dowan
  6223 | D:5      | Killed Dowan
  6226 | D:5      | Noticed Duvessa
  6240 | D:5      | Killed Duvessa
  6246 | D:5      | Reached *** piety under Lugonu
  7178 | D:5      | Reached skill level 1 in Stealth
  7938 | D:6      | Reached XP level 9. HP: 71/78 MP: 9/9
  8322 | D:6      | Reached skill level 1 in Axes
  8617 | D:6      | Noticed Menkaure
  8867 | D:6      | Killed Menkaure
  9269 | D:6      | Reached **** piety under Lugonu
  9588 | D:7      | Identified the cursed +1 great mace "Arihoh" {pain, rC+
                  | rN+}
  9589 | D:7      | Found a transporter.
  9589 | D:7      | Noticed Foxy's ghost (novice DrWz)
  9595 | D:7      | Found a transporter.
 10289 | D:8      | Upgraded the game from 0.24-a0-539-g6aae15e to
                  | 0.24-a0-545-gd1b266b
 10623 | D:8      | Reached skill level 5 in Axes
 10623 | D:8      | Reached XP level 10. HP: 75/86 MP: 10/10
 11025 | D:8      | Reached skill level 1 in Shields
 11623 | D:9      | Noticed Grum
 11954 | D:9      | Killed Grum
 12451 | D:9      | Reached ***** piety under Lugonu
 13009 | D:9      | Found a staircase to the Orcish Mines.
 13075 | D:9      | Reached skill level 5 in Throwing
 13394 | D:10     | Entered Level 10 of the Dungeon
 13394 | D:10     | Noticed Fannar
 13496 | D:10     | Found a transporter.
 13501 | D:10     | Found a bloodstained altar of Trog.
 13501 | D:10     | Found a portal to a secret trove of treasure.
 13501 | D:10     | Noticed Oroborous's ghost (novice DsNe)
 13501 | D:10     | Noticed a moth of wrath
 13505 | D:10     | Found a transporter.
 13510 | D:10     | Noticed a cyclops
 13950 | D:11     | Reached XP level 11. HP: 53/95 MP: 11/11
 14262 | D:10     | Found a shimmering altar of Xom.
 14414 | D:11     | Found a staircase to the Lair.
 14737 | D:11     | Reached skill level 10 in Maces & Flails
 15275 | D:11     | Noticed Erica
 15290 | D:11     | Killed Erica
 15290 | D:11     | Reached skill level 10 in Armour
 15749 | D:11     | Killed an unseen horror
 15749 | D:11     | Reached skill level 1 in Long Blades
 15789 | D:11     | Noticed a two-headed ogre
 16119 | D:12     | Upgraded the game from 0.24-a0-545-gd1b266b to
                  | 0.24-a0-549-g45f0056
 16127 | D:12     | Found a gate leading to a gauntlet.
 16187 | D:12     | Paralysed by a hornet for 1 turns
 16705 | D:12     | Noticed a red ugly thing
 17012 | D:10     | Reached ****** piety under Lugonu
 17205 | D:10     | Killed Fannar
 17205 | D:10     | Reached skill level 5 in Shields
 17257 | D:10     | Noticed Joseph
 17268 | D:10     | Killed Joseph
 17681 | D:10     | Noticed a two-headed ogre
 17708 | D:10     | Reached skill level 5 in Long Blades
 18693 | D:$      | Got out of the dungeon alive.

Levels and vault maps discovered:
D:1:      beargit_arrival_greenhouse, layout_loops_ring, solitary_fountain
D:2:      layout_basic, first_ration, tgw_fedhas, uniq_terence
D:3:      layout_basic, nicolae_gozag_seed_capital, lemuel_blue_sif_altar,
          cheibrodos_sewer_entry_bend
D:4:      old_forge, layout_basic, nicolae_ru_path_of_blood,
          grunt_temple_overflow_octagram, temple_hall_moat,
          kennysheep_decorative_pillar, uniq_grinder
D:5:      minmay_razor_zed, layout_cave_pods, chequers_serial_rivers_room_b,
          uniq_duvessa
D:6:      layout_rooms, glass_columns_a, grunt_tough_drop, uniq_menkaure
D:7:      layout_basic, gammafunk_ghost_smash
D:8:      layout_loops_ring, grunt_ogre_cave
D:9:      layout_rooms, erik_orc_1, uniq_grum
D:10:     layout_irregular_city, enter_trove_1,
          gammafunk_ghost_wrathful_warriors, nrook_pool_corridor,
          xom_confusion_cloud, uniq_fannar, uniq_joseph
D:11:     layout_cave_pools, minmay_lair_entry_grove, kennysheep_minor_cross,
          uniq_erica
D:12:     layout_irregular_city, gauntlet_entry_generic, st_stairs_3

Skill      XL: |  1  2  3  4  5  6  7  8  9 10 11 |
---------------+----------------------------------+-----
Fighting       | 4 5 6 7 8 9 |  9.6
Maces & Flails | 3 4 5 6 7 9 10 | 10.8
Armour         | 3 4 5 6 8 9 10 | 10.7
Slings         | 1 3 4 6 7 8 |  8.4
Dodging        | 2 3 |  3.8
Throwing       | 1 3 5 |  5.1
Stealth        | 1 |  1.1
Axes           | 5 |  5.6
Shields        | 3 5 |  5.1
Long Blades    | 5 |  5.1
Invocations    | |  1.9

Action                   |  1- 3 |  4- 6 |  7- 9 | 10-12 || total
-------------------------+-------+-------+-------+-------++-------
Melee: Whip              |    51 |       |       |       ||    51
       Mace              |    31 |    88 |   166 |       ||   285
       Headbutt          |    16 |    13 |    62 |   119 ||   210
       Hand axe          |       |       |   122 |    14 ||   136
       Flail             |       |       |       |   401 ||   401
       Scimitar          |       |       |       |   135 ||   135
 Fire: Hunting sling     |     9 |    90 |   173 |       ||   272
Throw: Boomerang         |       |     8 |    52 |    89 ||   149
       Dart              |       |       |       |     4 ||     4
Invok: Depart the Abyss  |     1 |       |       |       ||     1
  Use: Scroll            |     7 |       |     6 |    10 ||    23
       Potion            |       |     4 |     1 |     8 ||    13
  Eat: Chunk             |     3 |     6 |    14 |    21 ||    44
       Ration            |       |       |     2 |     2 ||     4
Armor: Ring mail         |    54 |       |       |       ||    54
       Scale mail        |     4 |    77 |   130 |    10 ||   221
       Plate armour      |       |       |       |   376 ||   376
       Skin              |       |       |       |     6 ||     6
Dodge: Dodged            |    64 |    88 |   168 |   167 ||   487
       Deflected         |       |       |       |     9 ||     9
Block: Buckler           |       |       |    19 |   182 ||   201
       Rpst.: Scimitar   |       |       |       |    10 ||    10

Table legend:
 A = Non-vault XP
 B = Vault XP
 C = Vault XP percentage of total XP
 D = Non-vault monster count
 E = Vault monster count
 F = Vault count percentage of total count
                 A         B        C        D         E       F
            +---------+---------+-------+---------+---------+-------
      Total |   13597 |    6981 |  33.9 |     267 |      89 |  25.0
            +---------+---------+-------+---------+---------+-------
        D:1 |      20 |       0 |   0.0 |      13 |       0 |   0.0
        D:2 |      38 |      36 |  48.6 |      19 |       1 |   5.0
        D:3 |      58 |      10 |  14.7 |      14 |       2 |  12.5
        D:4 |     513 |     697 |  57.6 |      34 |      12 |  26.1
        D:5 |     610 |     475 |  43.8 |      22 |      13 |  37.1
        D:6 |    1274 |     184 |  12.6 |      28 |       3 |   9.7
        D:7 |     888 |       0 |   0.0 |      15 |       0 |   0.0
        D:8 |    1723 |     228 |  11.7 |      29 |       2 |   6.5
        D:9 |    1305 |     873 |  40.1 |      25 |      19 |  43.2
       D:10 |    2146 |    2810 |  56.7 |      19 |      12 |  38.7
       D:11 |    3487 |    1505 |  30.1 |      36 |       7 |  16.3
       D:12 |    1535 |       0 |   0.0 |      13 |       0 |   0.0
      Sewer |       0 |     163 | 100.0 |       0 |      18 | 100.0
            +---------+---------+-------+---------+---------+-------
